Map: Acropolis LE

Players

LunarSC

  • Race: Zerg Zerg
  • League: Master
  • Spawn Location: 11:00

meteores - Winner!

  • Race: Protoss Protoss
  • League: Diamond
  • Spawn Location: 5:00

VOD

Have the link to the VOD?

Description

Spotted 4 gates early and no 3rd, maybe i cut drones too early? 4300 MMR

Time

  • Played on: June 5, 2019, 2:35 p.m.
  • Length: 9:49
Show
View Real Time Build Order
Export as new Build Order

LunarSC Zerg 

Build Orders: Hatch First 

Get SALT Encoding   

  12  0:00  Drone  
  13  0:12  Overlord  
  13  0:19  Drone  
  14  0:31  Drone x2  
  14  0:34  Drone  
  17  0:51  Hatchery  
  17  0:54  Drone  
  17  0:57  Drone  
  18  1:08  Extractor  
  17  1:12  Spawning Pool  
  17  1:15  Drone  
  17  1:22  Drone  
  18  1:34  Overlord  
  18  1:39  Drone  
  19  1:56  Drone  
  19  1:59  Queen  
  19  2:00  Zergling x2  
  23  2:02  Queen  
  23  2:03  Zergling x2  
  26  2:10  Metabolic Boost  
  26  2:12  Drone  
  27  2:18  Drone  
  28  2:24  Drone x2  
  30  2:35  Drone x2  
  32  2:38  Queen  
  32  2:43  Overlord  
  34  2:52  Drone  
  34  2:56  Drone  
  36  3:00  Overlord  
  36  3:01  Hatchery  
  36  3:05  Drone  
  36  3:07  Drone x2  
  38  3:14  Zergling x4  
  40  3:22  Drone x4  
  40  3:24  Overlord  
  44  3:33  Overlord  
  44  3:41  Drone  
  44  3:43  Roach Warren  
  44  3:44  Extractor, Drone  
  44  3:45  Extractor  
  44  3:46  Drone  
  44  3:54  Zergling x10  
  44  3:55  Zergling x2  
  50  3:58  Queen  
  52  4:05  Zergling x4  
  54  4:18  Queen  
  54  4:19  Overlord x2  
  54  4:23  Roach x5  
  66  4:27  Overlord  
  66  4:39  Roach x4  
  74  4:50  Evolution Chamber, Roach x2  
  77  4:57  Queen  
  77  4:59  Queen  
  81  5:07  Overlord x2  
  81  5:11  Roach  
  81  5:13  Ravager x2  
  81  5:14  Ravager  
  86  5:26  Roach x3  
  92  5:33  Roach  
  92  5:34  Roach  
  96  5:39  Queen  
  98  5:48  Drone x4  
  98  5:49  Drone x2  
  104  5:52  Drone  
  104  5:53  Extractor  
  104  6:01  Zerg Missile Weapons Level 1  
  104  6:09  Zergling x4  
  104  6:10  Overlord  
  104  6:11  Overlord x2  
  106  6:20  Lair  
  106  6:36  Roach x6  
  118  6:50  Roach  
  118  6:51  Roach x4  
  126  7:02  Roach x3  
  130  7:29  Overlord  
  130  7:30  Overlord x2  
  130  7:35  Infestation Pit  
  129  7:37  Hydralisk Den, Evolution Chamber  
  110  7:57  Roach x12  
  110  8:09  Grooved Spines, Hydralisk  
  112  8:16  Queen  
  112  8:29  Hydralisk x3  
  115  8:34  Hydralisk  
  115  8:35  Hydralisk  
  119  8:54  Hydralisk x4  
  115  9:08  Roach x4  
  79  9:19  Roach x3  
  79  9:23  Zergling x6  
  57  9:45  Spine Crawler  
Show
View Real Time Build Order
Export as new Build Order

meteores Protoss - Winner!

Build Orders: 1 Gate Expand 

Get SALT Encoding   

  1  0:00  Probe  
  12  0:06  Probe  
  14  0:21  Pylon  
  14  0:24  Probe  
  15  0:39  Probe  
  15  0:40  Gateway  
  16  0:52  Probe  
  17  1:00  Probe  
  18  1:08  Probe  
  18  1:18  Probe  
  19  1:22  Nexus  
  20  1:27  Zealot  
  22  1:36  Gateway  
  22  1:45  Cybernetics Core  
  22  1:51  Assimilator  
  22  1:55  Pylon  
  22  2:01  Assimilator  
  22  2:03  Probe  
  23  2:15  Probe  
  23  2:17  Gateway  
  24  2:23  Probe  
  24  2:24  Adept  
  27  2:30  Probe  
  27  2:31  Probe  
  29  2:37  Warp Gate  
  29  2:39  Probe  
  29  2:42  Probe  
  31  2:48  Probe  
  31  2:49  Gateway  
  32  2:54  Probe  
  32  2:56  Sentry  
  35  3:00  Probe  
  35  3:04  Pylon  
  36  3:06  Probe  
  36  3:09  Probe  
  38  3:17  Probe, Stalker  
  40  3:22  Probe  
  40  3:24  Sentry  
  40  3:26  Probe  
  44  3:34  Probe  
  46  3:36  Shield Battery  
  46  3:38  Probe  
  47  3:45  Robotics Facility  
  47  3:46  Probe x2, Pylon  
  48  3:48  Assimilator  
  48  3:52  Assimilator  
  48  3:54  Probe  
  49  3:58  Probe  
  49  4:00  Pylon  
  51  4:04  Pylon  
  51  4:05  Probe  
  52  4:10  Probe  
  52  4:13  Gateway  
  52  4:16  Gateway  
  53  4:18  Probe  
  53  4:21  Gateway  
  54  4:25  Gateway  
  54  4:26  Observer  
  54  4:29  Pylon  
  54  4:36  Probe  
  56  4:41  Pylon  
  56  4:42  Shield Battery  
  56  4:48  Warp Prism, Gateway  
  56  4:51  Pylon  
  56  4:59  Stalker  
  60  5:01  Sentry  
  60  5:02  Sentry  
  64  5:16  Immortal  
  64  5:23  Pylon  
  68  5:32  Sentry x4  
  76  5:40  Sentry x2  
  80  5:45  Immortal  
  80  5:47  Gateway  
  84  6:08  Stalker x4  
  84  6:09  Stalker  
  94  6:17  Immortal, Pylon  
  94  6:18  Pylon  
  98  6:26  Adept x4  
  106  6:35  Stalker  
  106  6:36  Zealot x2  
  106  6:37  Zealot  
  106  6:39  Stalker  
  116  6:54  Stalker x3  
  120  7:00  Observer  
  122  7:03  Sentry  
  122  7:05  Zealot  
  126  7:11  Pylon  
  126  7:12  Pylon  
  126  7:30  Stalker  
  126  7:31  Stalker x3  
  134  7:44  Observer  
  118  7:53  Sentry x2  
  118  7:54  Sentry x2  
  126  7:58  Immortal  
  126  8:00  Zealot x3  
  126  8:01  Zealot x2  
  140  8:17  Pylon  
  140  8:19  Pylon  
  140  8:20  Observer  
  140  8:21  Stalker  
  142  8:36  Adept x4  
  150  8:55  Adept x4  
  124  9:17  Adept x3  
  124  9:18  Adept x6  
  132  9:38  Adept x4  
  132  9:39  Adept x2  
  132  9:40  Adept  
  132  9:42  Sentry  
Tags
 
Add a new tag
Caveats
  • Supply blocks, unpowered buildings, or Contaminate may cause inaccurate times.
  • Supply counts are checked every 10 seconds.